NWL (28 & UNDER)
CULVER CITY EXTRAS @ RED DEER WRANGLERS
08/11/2028
 
TOP OF THE 1ST
Culver City Extras batting - Pitching for Red Deer Wranglers : RHP Daniel Casey
Pitching: RHP Daniel Casey
Batting: RHB Augusto Trevino 0-0: Ball
1-0: Ball
2-0: Called Strike
2-1: Foul Ball, location: 2F
2-2: Ball
3-2: Fly out, F9 (Flyball, 9LM)
Batting: RHB Horace Johnson 0-0: Called Strike
0-1: Ball
1-1: Foul Ball, location: 2F
1-2: Ball
2-2: SINGLE (Line Drive, 89S)
Batting: SHB Juan Carlos Mesa 0-0: Called Strike
0-1: Foul Ball, location: 2F
0-2: Strikes out swinging
Batting: RHB Eugene Booth 0-0: Ball
1-0: Fielders Choice at 2nd, 4-6 (Groundball, 34)
Top of the 1st over - 0 run(s), 1 hit(s), 0 error(s), 0 left on base; Culver City 0 - Red Deer 0
BOTTOM OF THE 1ST
Red Deer Wranglers batting - Pitching for Culver City Extras : LHP Phil Paul
Pitching: LHP Phil Paul
Batting: RHB Xavier López 0-0: Swinging Strike
0-1: Ball
1-1: Ball
2-1: SINGLE (Groundball, 5D)
Batting: LHB Jorge Olvera 0-0: Called Strike
0-1: Ball
1-1: Foul Ball, location: 2F
1-2: Foul Ball, location: 2F
1-2: Ground out U3 (Groundball, 3)
Xavier López to second
Batting: RHB Allen Brown 0-0: Fly out, F9 (Flyball, 89S)
Batting: LHB Andrew Veeck 0-0: Fly out, F7 (Line Drive, 78M)
Bottom of the 1st over - 0 run(s), 1 hit(s), 0 error(s), 1 left on base; Culver City 0 - Red Deer 0
TOP OF THE 2ND
Culver City Extras batting - Pitching for Red Deer Wranglers : RHP Daniel Casey
Batting: LHB Collin Smith 0-0: Ground out 6-3 (Groundball, 6)
Batting: RHB Ramón Molina 0-0: Foul Ball, location: 2F
0-1: Ball
1-1: Swinging Strike
1-2: Strikes out swinging
Batting: LHB Richard Bell 0-0: Ball
1-0: Ball
2-0: Called Strike
2-1: Swinging Strike
2-2: Ground out 5-3 (Groundball, 5D)
Top of the 2nd over - 0 run(s), 0 hit(s), 0 error(s), 0 left on base; Culver City 0 - Red Deer 0
BOTTOM OF THE 2ND
Red Deer Wranglers batting - Pitching for Culver City Extras : LHP Phil Paul
Batting: RHB Luis Ibarra 0-0: Fly out, F4 (Line Drive, 4M)
Batting: SHB Robbie Rhodes 0-0: Ball
1-0: Called Strike
1-1: Ball
2-1: Ball
3-1: Foul Ball, location: 2F
3-2: Foul Ball, location: 2F
3-2: Strikes out looking
Batting: RHB Ben Fisher 0-0: Ball
1-0: Called Strike
1-1: Called Strike
1-2: Strikes out swinging
Bottom of the 2nd over - 0 run(s), 0 hit(s), 0 error(s), 0 left on base; Culver City 0 - Red Deer 0
TOP OF THE 3RD
Culver City Extras batting - Pitching for Red Deer Wranglers : RHP Daniel Casey
Batting: RHB Cooper Richard 0-0: Ball
1-0: Foul Ball, location: 2F
1-1: Foul Ball, location: 2F
1-2: Foul Ball, location: 2F
1-2: SINGLE (Groundball, 6MD)
Batting: RHB Shawn Gutiérrez 0-0: Fly out, F9 (Flyball, 9LD)
Batting: RHB Augusto Trevino 0-0: Ball
1-0: Swinging Strike
1-1: Ball
2-1: Foul Ball, location: 2F
2-2: Foul Ball, location: 2F
2-2: Ball
3-2: Fly out, F5 (Line Drive, 5)
Batting: RHB Horace Johnson 0-0: Ball
Cooper Richard steals 2nd base
1-0: Ball
2-0: Called Strike
2-1: Ball
3-1: Base on Balls
Batting: SHB Juan Carlos Mesa 0-0: Called Strike
0-1: SINGLE (Groundball, 34D)
Cooper Richard to third
Horace Johnson to second
Runner from 3rd tries for Home, SAFE, no throw
Batting: RHB Eugene Booth 0-0: Ball
1-0: Foul Ball, location: 2F
1-1: Called Strike
1-2: Foul Ball, location: 2F
1-2: Foul Ball, location: 2F
1-2: Strikes out swinging
Top of the 3rd over - 1 run(s), 2 hit(s), 0 error(s), 2 left on base; Culver City 1 - Red Deer 0
BOTTOM OF THE 3RD
Red Deer Wranglers batting - Pitching for Culver City Extras : LHP Phil Paul
Batting: RHB Art Cameron 0-0: Ball
1-0: Ball
2-0: Foul Ball, location: 2F
2-1: Foul Ball, location: 2F
2-2: Ball
3-2: Strikes out looking
Batting: RHB Steve Burton 0-0: Ball
1-0: Ball
2-0: Foul Ball, location: 2F
2-1: Ball
3-1: Fly out, F8 (Flyball, 8LS)
Batting: RHB Xavier López 0-0: Foul Ball, location: 2F
0-1: Ball
1-1: Foul Ball, location: 2F
1-2: SINGLE (Line Drive, 6M)
Batting: LHB Jorge Olvera 0-0: Ball
1-0: Ball
2-0: Ball
3-0: Base on Balls
Xavier López to second
Batting: RHB Allen Brown 0-0: Foul Ball, location: 2F
0-1: Ball
1-1: Swinging Strike
1-2: Fielders Choice at 2nd, 6-4 (Groundball, 6)
Bottom of the 3rd over - 0 run(s), 1 hit(s), 0 error(s), 1 left on base; Culver City 1 - Red Deer 0
TOP OF THE 4TH
Culver City Extras batting - Pitching for Red Deer Wranglers : RHP Daniel Casey
Batting: LHB Collin Smith 0-0: Called Strike
0-1: Swinging Strike
0-2: Ball
1-2: Ball
2-2: Ball
3-2: Foul Ball, location: 2F
3-2: Base on Balls
Batting: RHB Ramón Molina 0-0: Grounds into double play, 4-6-3 (Groundball, 34)
Batting: LHB Richard Bell 0-0: Swinging Strike
0-1: Ball
1-1: Foul Ball, location: 2F
1-2: Ball
2-2: Strikes out swinging
Top of the 4th over - 0 run(s), 0 hit(s), 0 error(s), 0 left on base; Culver City 1 - Red Deer 0
BOTTOM OF THE 4TH
Red Deer Wranglers batting - Pitching for Culver City Extras : LHP Phil Paul
Batting: LHB Andrew Veeck 0-0: Fly out, F7 (Flyball, 78S)
Batting: RHB Luis Ibarra 0-0: Ball
1-0: Foul Ball, location: 2F
1-1: Ball
2-1: Foul Ball, location: 2F
2-2: Ball
3-2: Fly out, F4 (Line Drive, 4M)
Batting: SHB Robbie Rhodes 0-0: Ball
1-0: DOUBLE (Groundball, 5L)
Batting: RHB Ben Fisher 0-0: Ball
1-0: Fly out, F9 (Flyball, 9D)
Bottom of the 4th over - 0 run(s), 1 hit(s), 0 error(s), 1 left on base; Culver City 1 - Red Deer 0
TOP OF THE 5TH
Culver City Extras batting - Pitching for Red Deer Wranglers : RHP Daniel Casey
Batting: RHB Cooper Richard 0-0: Ball
1-0: Ball
2-0: Swinging Strike
2-1: DOUBLE (Line Drive, 5D)
Batting: RHB Shawn Gutiérrez 0-0: Ball
Cooper Richard steals 3rd base
1-0: Called Strike
1-1: Foul Ball, location: 2F
1-2: Ball
2-2: DOUBLE (Line Drive, 9D)
Cooper Richard scores
Batting: RHB Augusto Trevino 0-0: Ball
1-0: Foul Ball, location: 2F
1-1: Ball
2-1: Ball
3-1: Called Strike
3-2: Foul Ball, location: 2F
3-2: Fly out, F6 (Popup, 6MD)
Batting: RHB Horace Johnson 0-0: Intentional Walk
Batting: SHB Juan Carlos Mesa 0-0: Foul Ball, location: 2F
0-1: SINGLE (Groundball, 56D)
Shawn Gutiérrez to third
Horace Johnson to second
Runner from 3rd tries for Home, SAFE, throw made home
Pitching: LHP Macy Catron
Batting: RHB Eugene Booth 0-0: Ball
1-0: Called Strike
1-1: DOUBLE (Line Drive, 9LM)
Horace Johnson scores
Juan Carlos Mesa to third
Batting: LHB Collin Smith 0-0: Called Strike
0-1: Foul Ball, location: 2F
0-2: Ground out U3 (Groundball, 3)
Batting: RHB Ramón Molina 0-0: Ball
1-0: Swinging Strike
1-1: Fly out, F8 (Flyball, 8LXD)
Top of the 5th over - 3 run(s), 4 hit(s), 0 error(s), 2 left on base; Culver City 4 - Red Deer 0
BOTTOM OF THE 5TH
Red Deer Wranglers batting - Pitching for Culver City Extras : LHP Phil Paul
Batting: RHB Art Cameron 0-0: Swinging Strike
0-1: Ball
1-1: Foul Ball, location: 2F
1-2: Ball
2-2: Strikes out swinging
Batting: RHB Steve Burton 0-0: Called Strike
0-1: Swinging Strike
0-2: Strikes out swinging
Batting: RHB Xavier López 0-0: Reached on error, E6 (Groundball, 56)
Batting: LHB Jorge Olvera 0-0: Swinging Strike
0-1: Called Strike
0-2: Ball
1-2: Strikes out looking
Bottom of the 5th over - 0 run(s), 0 hit(s), 1 error(s), 1 left on base; Culver City 4 - Red Deer 0
TOP OF THE 6TH
Culver City Extras batting - Pitching for Red Deer Wranglers : LHP Macy Catron
Batting: LHB Richard Bell 0-0: Called Strike
0-1: Called Strike
0-2: Ball
1-2: Ball
2-2: SOLO HOME RUN (Flyball, 8RXD), Distance : 396 ft
Batting: RHB Cooper Richard 0-0: Foul Ball, location: 2F
0-1: Swinging Strike
0-2: Foul Ball, location: 2F
0-2: Foul Ball, location: 2F
0-2: Ball
1-2: Fly out, F4 (Popup, 4D)
Batting: RHB Shawn Gutiérrez 0-0: SINGLE (Line Drive, 78M)
Batting: RHB Augusto Trevino 0-0: Ball
1-0: Ball
Wild Pitch!
Shawn Gutiérrez to second
2-0: Called Strike
2-1: Foul Ball, location: 2F
2-2: Foul Ball, location: 2F
2-2: Ball
3-2: Foul Ball, location: 2F
3-2: 2-RUN HOME RUN (Flyball, 8LXD), Distance : 396 ft
Batting: RHB Horace Johnson 0-0: SINGLE (Groundball, 6MD)
Pitching: RHP Daniel De Jesús
Batting: SHB Juan Carlos Mesa 0-0: Grounds into double play, 4-6-3 (Groundball, 4)
Top of the 6th over - 3 run(s), 4 hit(s), 0 error(s), 0 left on base; Culver City 7 - Red Deer 0
BOTTOM OF THE 6TH
Red Deer Wranglers batting - Pitching for Culver City Extras : LHP Phil Paul
Batting: RHB Allen Brown 0-0: Ball
1-0: SINGLE (Groundball, 34D)
Batting: LHB Andrew Veeck 0-0: Called Strike
0-1: Ball
1-1: SINGLE (Groundball, 56D)
Allen Brown to second
Batting: RHB Luis Ibarra 0-0: Ball
1-0: Called Strike
1-1: Called Strike
1-2: Ball
2-2: SINGLE (Groundball, 3D)
Allen Brown to third
Andrew Veeck to second
Runner from 3rd tries for Home, SAFE, throw made home
Andrew Veeck to third
Luis Ibarra to second
Batting: SHB Robbie Rhodes 0-0: Ball
1-0: Ball
2-0: Called Strike
2-1: Swinging Strike
2-2: SINGLE (Groundball, 3D)
Andrew Veeck scores
Luis Ibarra to third
Runner from 3rd tries for Home, SAFE, no throw
Batting: RHB Ben Fisher 0-0: Called Strike
0-1: Reached on error, E2 (Groundball, 2R)
Robbie Rhodes to third
Batting: RHB Art Cameron 0-0: Ball
1-0: Ball
2-0: Ground out 6-3 (Groundball, 6)
Robbie Rhodes scores
Batting: RHB Steve Burton 0-0: Ball
1-0: Called Strike
1-1: Reached on error, E5 (Groundball, 56)
Ben Fisher to third
Batting: RHB Xavier López 0-0: Called Strike
0-1: Foul Ball, location: 2F
0-2: Ball
1-2: Strikes out swinging
Pitching: RHP Luis Ramírez
Batting: LHB Jorge Olvera 0-0: Called Strike
0-1: Swinging Strike
0-2: Ball
1-2: Strikes out swinging
Bottom of the 6th over - 4 run(s), 4 hit(s), 2 error(s), 2 left on base; Culver City 7 - Red Deer 4
TOP OF THE 7TH
Culver City Extras batting - Pitching for Red Deer Wranglers : RHP Daniel De Jesús
Batting: RHB Eugene Booth 0-0: Foul Ball, location: 2F
0-1: Ball
1-1: Swinging Strike
1-2: Ball
2-2: Ball
3-2: Base on Balls
Batting: LHB Collin Smith 0-0: Called Strike
0-1: Ball
Eugene Booth steals 2nd base
1-1: Ball
2-1: Foul Ball, location: 2F
2-2: Strikes out swinging
Batting: RHB Ramón Molina 0-0: Intentional Walk
Batting: LHB Richard Bell 0-0: Ball
1-0: SINGLE (Line Drive, 7S)
Eugene Booth to third
Ramón Molina to second
Runner from 3rd tries for Home, SAFE, no throw
Batting: RHB Cooper Richard 0-0: Foul Ball, location: 2F
0-1: Swinging Strike
0-2: Strikes out swinging
Batting: RHB Shawn Gutiérrez 0-0: Ball
1-0: Foul Ball, location: 2F
1-1: Swinging Strike
1-2: Hit by Pitch
Ramón Molina to third
Richard Bell to second
Batting: RHB Augusto Trevino 0-0: Ball
1-0: Foul Ball, location: 2F
1-1: Foul Ball, location: 2F
1-2: Ball
2-2: Fielders Choice at 2nd, 6-4 (Groundball, 56)
Top of the 7th over - 1 run(s), 1 hit(s), 0 error(s), 2 left on base; Culver City 8 - Red Deer 4
BOTTOM OF THE 7TH
Red Deer Wranglers batting - Pitching for Culver City Extras : RHP Luis Ramírez
Batting: RHB Allen Brown 0-0: Ball
1-0: Ball
2-0: Ball
3-0: Base on Balls
Batting: LHB Andrew Veeck 0-0: Swinging Strike
0-1: Ball
1-1: Fielders Choice at 2nd, 3-6 (Groundball, 3)
Batting: RHB Luis Ibarra 0-0: Ball
Andrew Veeck steals 2nd base
1-0: Called Strike
1-1: Ground out 4-3 (Groundball, 4)
Andrew Veeck to third
Batting: SHB Robbie Rhodes 0-0: Ball
1-0: Foul Ball, location: 2F
1-1: Called Strike
1-2: Foul Ball, location: 2F
1-2: Strikes out swinging
Bottom of the 7th over - 0 run(s), 0 hit(s), 0 error(s), 1 left on base; Culver City 8 - Red Deer 4
TOP OF THE 8TH
Culver City Extras batting - Pitching for Red Deer Wranglers : RHP Daniel De Jesús
Batting: RHB Horace Johnson 0-0: Foul Ball, location: 2F
0-1: Foul Ball, location: 2F
0-2: Ball
1-2: Strikes out swinging
Batting: SHB Juan Carlos Mesa 0-0: Swinging Strike
0-1: Ball
1-1: Ball
2-1: Called Strike
2-2: Ball
3-2: Base on Balls
Batting: RHB Eugene Booth 0-0: Ball
1-0: Ball
2-0: Ball
3-0: Base on Balls
Juan Carlos Mesa to second
Batting: LHB Collin Smith 0-0: Ball
1-0: Called Strike
1-1: Ball
2-1: Foul Ball, location: 2F
2-2: Strikes out looking
Batting: RHB Ramón Molina 0-0: Swinging Strike
0-1: Foul Ball, location: 2F
0-2: Ball
1-2: Ball
2-2: SINGLE (Line Drive, 6M)
Juan Carlos Mesa to third
Eugene Booth to second
Runner from 3rd tries for Home, SAFE, no throw
Batting: LHB Richard Bell 0-0: Ball
1-0: Foul Ball, location: 2F
1-1: Ball
2-1: Foul Ball, location: 2F
2-2: 3-RUN HOME RUN (Flyball, 78XD), Distance : 412 ft
Batting: RHB Cooper Richard 0-0: Called Strike
0-1: Ball
1-1: Ball
2-1: SINGLE (Line Drive, 56)
Pitching: RHP Alejandro Arriaza
Batting: RHB Shawn Gutiérrez 0-0: Called Strike
0-1: Swinging Strike
0-2: Strikes out swinging
Top of the 8th over - 4 run(s), 3 hit(s), 0 error(s), 1 left on base; Culver City 12 - Red Deer 4
BOTTOM OF THE 8TH
Red Deer Wranglers batting - Pitching for Culver City Extras : RHP Luis Ramírez
Now at 3B: Artie Pennington
Batting: RHB Ben Fisher 0-0: Ball
1-0: Called Strike
1-1: Ground out 6-3 (Groundball, 6)
Batting: RHB Art Cameron 0-0: Ball
1-0: Foul Ball, location: 2F
1-1: Called Strike
1-2: Foul Ball, location: 2F
1-2: Strikes out looking
Batting: RHB Steve Burton 0-0: Ball
1-0: Foul Ball, location: 2F
1-1: Ball
2-1: Foul Ball, location: 2F
2-2: Strikes out swinging
Bottom of the 8th over - 0 run(s), 0 hit(s), 0 error(s), 0 left on base; Culver City 12 - Red Deer 4
TOP OF THE 9TH
Culver City Extras batting - Pitching for Red Deer Wranglers : RHP Alejandro Arriaza
Pitching: RHP Raúl Zumaya
Batting: RHB Augusto Trevino 0-0: Foul Ball, location: 2F
0-1: Foul Ball, location: 2F
0-2: Ball
1-2: SINGLE (Groundball, 4) (infield hit)
Batting: RHB Horace Johnson 0-0: Ball
1-0: Foul Ball, location: 2F
1-1: Foul Ball, location: 2F
1-2: Foul Ball, location: 2F
1-2: Foul Ball, location: 2F
1-2: Ball
2-2: Ground out 5-3 (Groundball, 5S)
Augusto Trevino to second
Batting: SHB Juan Carlos Mesa 0-0: Called Strike
Augusto Trevino steals 3rd base
0-1: Fly out, F8 (Flyball, 8RM)
Runner from 3rd tags up, SCORES, no throw
Batting: RHB Eugene Booth 0-0: Called Strike
0-1: Called Strike
0-2: Strikes out swinging
Top of the 9th over - 1 run(s), 1 hit(s), 0 error(s), 0 left on base; Culver City 13 - Red Deer 4
BOTTOM OF THE 9TH
Red Deer Wranglers batting - Pitching for Culver City Extras : RHP Luis Ramírez
Batting: RHB Xavier López 0-0: Called Strike
0-1: Ball
1-1: Ball
2-1: Foul Ball, location: 2F
2-2: Strikes out swinging
Batting: LHB Jorge Olvera 0-0: Ball
1-0: Foul Ball, location: 2F
1-1: Swinging Strike
1-2: Strikes out swinging
Batting: RHB Allen Brown 0-0: Ground out 5-3 (Groundball, 56S)
Bottom of the 9th over - 0 run(s), 0 hit(s), 0 error(s), 0 left on base; Culver City 13 - Red Deer 4
Tuesday, August 8th, 2017 - OOTP Baseball 17.12 Build 75